 Dungeon Crawl Stone Soup version 0.27.1 (webtiles) character file.

Game seed: 1629749719319977860

857 Urokeeper the Cudgeller (level 8, -17/48 HPs)
             Began as a Gargoyle Fighter on Aug 27, 2021.
             Was an Initiate of Makhleb.
             Demolished by an ogre (18 damage)
             ... on level 5 of the Dungeon.
             The game lasted 00:26:26 (5329 turns).

Urokeeper the Cudgeller (Gargoyle Fighter)          Turns: 5329, Time: 00:26:27

Health: -17/48     AC: 18    Str: 22    XL:     8   Next: 2%
Magic:  8/8        EV:  4    Int:  9    God:    Makhleb [......]
Gold:   258        SH: 10    Dex:  9    Spells: 7/7 levels left

rFire    . . .     SeeInvis .   a - +0 flail
rCold    . . .     Faith    .   c - +0 kite shield
rNeg     + . .     Spirit   .   k - +0 plate armour
rPois    ∞         Reflect  .   (no helmet)
rElec    +         Harm     .   h - +0 cloak
rCorr    .         Rampage  .   (no gloves)
Will     .....                  (no boots)
Stlth    ..........             (no amulet)
HPRegen  0.16/turn              (no ring)
MPRegen  0.11/turn              (no ring)

@: no status effects
A: sickness immunity, AC +5, negative energy resistance 1, electricity
resistance, torment resistance 1, petrification resistance
a: Renounce Religion


You were on level 5 of the Dungeon.
You worshipped Makhleb.
Makhleb was noncommittal.
You visited 1 branch of the dungeon, and saw 5 of its levels.

You collected 280 gold pieces.
You spent 22 gold pieces at shops.

Inventory:

Hand Weapons
 a - a +0 flail (weapon)
Missiles
 n - 17 poisoned darts (quivered)
Armour
 b - a +0 scale mail
 c - a +0 kite shield (worn)
 f - a +0 chain mail
 h - a +0 cloak (worn)
 k - a +0 plate armour (worn)
Wands
 d - a wand of paralysis (4)
Scrolls
 e - 3 scrolls of magic mapping
 j - 2 scrolls of amnesia
 l - a scroll of silence {unknown}
 m - a scroll of enchant armour {unknown}
 q - a scroll of fear {unknown}
 s - a scroll of immolation {unknown}
 t - a scroll of torment {unknown}
Potions
 i - 2 potions of brilliance
 o - a potion of resistance
 p - a potion of mutation {unknown}
 r - a potion of might


   Skills:
 + Level 4.5 Fighting
 + Level 6.0 Maces & Flails
 + Level 4.6 Armour
 + Level 0.8 Dodging
 + Level 1.9 Stealth
 + Level 5.8 Shields
 + Level 0.1 Evocations


You had 7 spell levels left.
You didn't know any spells.
Your spell library contained the following spells:

 Spells                   Type           Power      Damage    Failure   Level
 Magic Dart               Conj           0%         1d3       100%        1
 Blink                    Tloc           N/A        N/A       100%        2
 Searing Ray              Conj           0%         3d3       100%        2
 Portal Projectile        Hex/Tloc       0%         N/A       100%        3
 Fulminant Prism          Conj/Hex       0%         3d6       100%        4
 Blade Hands              Tmut           0%         N/A       100%        5
 Excruciating Wounds      Necr           0%         N/A       100%        5
 Manifold Assault         Tloc           0%         N/A       100%        5
 Storm Form               Tmut/Air       0%         N/A       100%        7


Dungeon Overview and Level Annotations

Branches:
Dungeon (5/15)
 Temple: D:4-7

Altars:
Fedhas
Makhleb
Vehumet

Shops:
D:1 [   D:4 *


Innate Abilities, Weirdness & Mutations

You are immune to sickness and miasma.
Your stone body is resilient. (AC +5)
You are immune to poison.
You resist negative energy. (rN+)
You are resistant to electric shocks. (rElec)
You are resistant to unholy torment.
You are immune to petrification.


Message History

As you read the scroll of teleportation, it crumbles to dust.
You feel strangely unstable.
The gnoll hits you from afar with a +0 spear.
The gnoll barely misses you.
You closely miss the gnoll.
The gnoll is moderately wounded.
The gnoll hits you from afar with a +0 spear.
The gnoll hits you but does no damage.
You hit the gnoll.
The gnoll is heavily wounded.
Your surroundings suddenly seem different.
You start resting.
An ogre comes into view. It is wielding a +0 giant club.
You see here 15 arrows.
You start resting.
An ogre is nearby!
You start resting.
HP restored.
You see here a +0 giant spiked club.
The ogre shouts!
The ogre hits you with a +0 giant club!!
You barely miss the ogre. The ogre hits you but does no damage.
You hit the ogre.
The ogre is lightly wounded.
The ogre hits you with a +0 giant club!
* * * LOW HITPOINT WARNING * * *
You hit the ogre but do no damage.
The ogre is lightly wounded.
You block the ogre's attack.
You sock the ogre!
The ogre is heavily wounded.
The ogre hits you but does no damage.
You thump the ogre!
The ogre is almost dead.
The ogre hits you with a +0 giant club!
* * * LOW HITPOINT WARNING * * *
You barely miss the ogre.
The ogre is almost dead.
The ogre hits you with a +0 giant club!!
You die...

#.####.# ### ###### ###
##.##.## #.#####...)###.##
#....##
##.##..####.....#######....#
#....## ##........###....##
#...## ##..........#......##
##...## ##..###..............#
##..#..###..####.........###..#
##..###...(.####@.......###
#.># #.### ##...####O..##...##
#..# .## #...###..####..## #..#
.# ##...##..####...# #..# ##
##........###...## #..# #
##..#.....###...## #..##
#..###....##..### #####....
#.## ##.......# ###........ #.#
#.......## ##..........


You could see an ogre.

Vanquished Creatures
  Grinder (D:3)
  2 necrophages
  2 ogres
  4 iguanas
  A bullfrog skeleton (D:4)
  A hound skeleton (D:4)
  A howler monkey skeleton (D:5)
  4 gnolls
  7 adders
  2 worms
  2 dart slugs
  2 orcs
  6 bats
  7 endoplasms
  2 giant cockroaches (D:1)
  4 hobgoblins
  4 jackals (D:2)
  8 quokkas
  3 ball pythons
  3 frilled lizards
  8 goblins
  2 kobolds (D:1)
  A rat (D:2)
77 creatures vanquished.

Notes
Turn   | Place    | Note
-------+----------+-------------------------------------------
     0 | D:1      | Urokeeper the Gargoyle Fighter began the quest for the Orb.
     0 | D:1      | Reached XP level 1. HP: 14/14 MP: 1/1
   189 | D:1      | Found Qeso's Antique Armour Shop.
   486 | D:1      | Reached XP level 2. HP: 19/19 MP: 2/2
   584 | D:1      | Found a faded altar of an unknown god.
  1087 | D:2      | Reached XP level 3. HP: 23/23 MP: 3/3
  1946 | D:2      | Reached XP level 4. HP: 28/28 MP: 4/4
  2479 | D:3      | Found a blossoming altar of Fedhas.
  2480 | D:3      | Found a radiant altar of Vehumet.
  2514 | D:3      | Reached skill level 3 in Maces & Flails
  2729 | D:3      | Reached XP level 5. HP: 33/33 MP: 5/5
  2923 | D:3      | Noticed a necrophage
  3154 | D:3      | Killed a necrophage
  3174 | D:3      | Noticed Grinder
  3174 | D:3      | Paralysed by Grinder for 6 turns
  3187 | D:3      | Paralysed by Grinder for 4 turns
  3205 | D:3      | Killed Grinder
  3206 | D:3      | Reached skill level 4 in Maces & Flails
  3206 | D:3      | Reached skill level 1 in Stealth
  3206 | D:3      | Reached skill level 5 in Shields
  3206 | D:3      | Reached XP level 6. HP: 36/38 MP: 6/6
  3293 | D:4      | Reached XP level 7. HP: 42/43 MP: 7/7
  3616 | D:4      | Found Ywagoklu's General Store.
  3660 | D:4      | Reached skill level 5 in Maces & Flails
  4101 | D:4      | Found a burning altar of Makhleb.
  4269 | D:4      | Bought a scroll of identify for 22 gold pieces
  4349 | D:4      | Became a worshipper of Makhleb the Destroyer
  4366 | D:5      | Entered Level 5 of the Dungeon
  4839 | D:5      | Reached skill level 6 in Maces & Flails
  4839 | D:5      | Reached XP level 8. HP: 33/48 MP: 8/8
  5328 | D:5      | HP: 1/48 [ogre (13)]
  5329 | D:5      | Demolished by an ogre

Illustrated notes

Levels and vault maps discovered:
D:1:      eino_arrival_water_cross, layout_loops_ring, serial_shops, shop_coins,
          shapermc_ecumenical_altar_notcrosses
D:2:      layout_basic, corexii_shack, chequers_serial_rivers_room_a
D:3:      layout_basic, mainiacjoe_overflow_catch_the_wave, uniq_grinder
D:4:      layout_basic, mainiacjoe_overflow_surrounded_room, serial_shops,
          nicolae_inconvenience_store
D:5:      layout_layer_cave, mainiacjoe_overflow_catwalk

Skill      XL: |  1  2  3  4  5  6  7 |
---------------+----------------------+-----
Shields        | 4 5 |  5.8
Maces & Flails | 3 4 6 |  6.0
Armour         | 4 |  4.6
Fighting       | 4 |  4.5
Stealth        | 1 |  1.9
Dodging        | |  0.8
Evocations     | |  0.1

Action                   |  1- 3 |  4- 6 |  7- 9 || total
-------------------------+-------+-------+-------++-------
Melee: Flail             |   145 |   104 |   126 ||   375
Evoke: Wand              |       |     1 |       ||     1
  Use: Potion            |     1 |     1 |       ||     2
       Scroll            |       |     3 |     2 ||     5
 Stab: Paralysed         |       |     6 |       ||     6
Armor: Scale mail        |    15 |       |       ||    15
       Chain mail        |    87 |       |       ||    87
       Plate armour      |     3 |    58 |    76 ||   137
Dodge: Dodged            |    38 |    11 |    20 ||    69
Block: Kite shield       |    82 |    54 |    76 ||   212
